AoeStats
← makkumme

Pilgrims

507078521Analyzed
4v4 RM · 16d ago on Sep 16, 2026· 46m 14s· 8 players
Game mode
Random Map
Map size
Large (8 player)
Population
200
Speed
Normal
Resources
Standard
Victory
Conquest
Starting age
Dark Age
Ending age
Imperial Age
RankedLock teamsTeams togetherTeam positionsShared explorationLock speedFull tech treeHidden civsTurbo modeCheats
Victory
Defeat
🇵🇪 Burmese · Peru
1342
+16
🇧🇷 Armenians · Brazil
1339
+16
🇬🇧 Dravidians · United Kingdom
1339
+16
🇫🇮 Vikings · Finland
1311
+18
🇫🇷 Lithuanians · France
1374
-17
🇫🇷 Persians · France
1356
-17
🇹🇼 Japanese · Taiwan
1327
-16
🇹🇼 Magyars · Taiwan
1327
-16
makkumme
7:12 Loom
12:46 Feudal Age
16:47 Padded Archer Armor
17:29 Fletching
17:59 Double-Bit Axe
18:00 Horse Collar
23:35 Castle Age
23:54 Pikeman
24:35 Squires
24:41 Scale Mail Armor
25:33 Fishing Lines
26:13 Gold Mining
25:46 Crossbowman
29:30 Bow Saw
29:23 Heavy Plow
32:44 Gold Shaft Mining
34:29 Forging
35:18 Bodkin Arrow
37:27 Leather Archer Armor
40:24 Imperial Age
38:33 Stone Mining
40:49 Ballistics
40:28 Murder Holes
40:32 Arson
41:34 Conscription
41:15 Arbalester
42:17 Chain Mail Armor
42:32 Capped Ram
44:54 Chemistry
44:12 Treadmill Crane
45:01 Siege Ram
darkwwww2015
9:22 Feudal Age
12:35 Loom
17:42 Castle Age
17:29 Double-Bit Axe
18:48 Medium Warships
20:10 Wheelbarrow
20:14 Town Watch
23:46 Hand Cart
25:12 Bow Saw
25:42 Forging
25:24 Fletching
27:11 Hand Cart
27:09 Fishing Lines
28:34 Careening
30:08 Clinker Construction
32:24 Horse Collar
39:22 Imperial Age
37:17 Bodkin Arrow
41:00 Bracer
40:23 Pikeman
41:03 Squires
41:13 Halberdier
42:21 Scale Mail Armor
42:57 Iron Casting
43:57 Masonry
enriquedav
3:33 Loom
11:13 Feudal Age
11:50 Fishing Lines
16:02 Man-at-Arms
17:32 Fletching
17:54 Forging
17:44 Scale Mail Armor
18:22 Wheelbarrow
20:11 Gold Mining
24:35 Castle Age
23:09 Stone Mining
24:00 Horse Collar
25:13 Bloodlines
26:37 Husbandry
26:34 Town Watch
27:52 Hand Cart
36:57 Imperial Age
35:09 Demolition Ship
40:01 Gillnets
40:27 Heavy Plow
41:11 Gold Shaft Mining
41:42 Chemistry
40:33 Guard Tower
41:58 Town Patrol
44:30 Conscription
44:39 Ballistics
44:55 Keep
MAZZUCCO
11:29 Loom
14:00 Feudal Age
15:30 Fishing Lines
18:13 Castle Age
16:29 Double-Bit Axe
16:27 Horse Collar
17:32 Gold Mining
17:52 Town Watch
19:28 Fletching
22:58 Imperial Age
20:26 Bodkin Arrow
21:14 Gold Shaft Mining
20:57 Bow Saw
24:30 Bracer
25:48 Padded Archer Armor
25:32 Pikeman
26:13 Squires
26:15 Scale Mail Armor
29:19 Man-at-Arms
29:45 Gambesons
32:11 Long Swordsman
32:37 Arson
33:58 Two-Handed Swordsman
35:30 Capped Ram
36:25 Champion
38:24 Wheelbarrow
38:33 Fervor
38:47 Sanctity
40:40 Fereters
41:45 Chain Mail Armor
41:41 Forging
45:00 Plate Mail Armor
45:06 Iron Casting
Tradog
11:36 Feudal Age
15:09 Castle Age
13:18 Double-Bit Axe
13:33 Gold Mining
14:31 Fletching
15:30 Bodkin Arrow
16:04 Medium Warships
18:09 Wheelbarrow
17:20 Loom
17:21 Town Watch
18:50 Gold Shaft Mining
22:25 Ballistics
32:06 Horse Collar
32:38 Bow Saw
33:23 Heavy Plow
36:56 Imperial Age
34:56 Scale Barding Armor
35:06 Forging
36:52 Chain Barding Armor
37:46 Conscription
38:21 Crop Rotation
39:30 Two-Man Saw
39:55 Plate Barding Armor
40:56 Iron Casting
41:00 Bloodlines
40:51 Husbandry
40:32 Light Cavalry
41:56 Husbandry
44:25 Hussar
44:38 Cavalier
FxSquale
4:19 Loom
12:27 Feudal Age
13:20 Double-Bit Axe
13:57 Fletching
18:59 Castle Age
20:18 Medium Warships
20:09 Bodkin Arrow
22:50 Wheelbarrow
26:35 Hand Cart
27:17 Elite Skirmisher
31:18 Imperial Age
30:18 Ballistics
30:54 Padded Archer Armor
33:02 Bracer
33:50 Scale Barding Armor
37:49 Conscription
37:47 Forging
39:13 Leather Archer Armor
TwHA0
8:48 Loom
11:07 Feudal Age
19:38 Castle Age
18:44 Scale Barding Armor
20:00 Bloodlines
21:26 Fletching
21:49 Horse Collar
33:27 Chain Barding Armor
37:48 Husbandry
42:00 Imperial Age
PINLIN
7:25 Loom
10:03 Feudal Age
10:41 Double-Bit Axe
19:18 Fletching
25:14 Town Watch
28:04 Castle Age
29:01 Bow Saw
28:43 Crossbowman
30:22 Bodkin Arrow
30:28 Padded Archer Armor
32:41 Fishing Lines
38:05 Gillnets
40:52 Thumb Ring
41:25 Guard Tower
42:41 Squires
43:19 Yasama
Connection lost

Rejoining the realm…

Still unreachable

The connection could not be restored.

Session expired

The server has moved on; the page needs a fresh start.